[Event "Team 45 45 League T36"]
[Site "Internet Chess Club"]
[Date "2008.02.24"]
[Round "5"]
[White "zeigmata"]
[Black "iwulu"]
[Result "0-1"]
[WhiteElo "2308"]
[BlackElo "2331"]
[Opening "QGD Slav: Smyslov variation"]
[ECO "D16"]
[Time "12:05:26"]
[TimeControl "2700+45"]

1. d4 d5 2. c4 c6 3. Nf3 Nf6 4. Nc3 dxc4 5. a4 Na6 6. e4 Bg4 7. Bxc4 e6 8. Be3
Nb4 9. a5 Be7 10. Qb3 Bxf3 11. gxf3 b5 12. Be2 a6 13. O-O O-O 14. Rfc1 Rc8 15.
Nb1 Nd7 16. Nd2 e5 17. dxe5 Nxe5 18. f4 Ng6 19. f5 Nh4 20. f6 gxf6 21. Bh6 Re8
22. Qg3+ Ng6 23. h4 Kh8 24. Qb3 Rg8 25. Kf1 Qd7 26. Rc3 Ne5 27. Rd1 c5 28. Bf4
Qe6 29. Qxe6 fxe6 30. Nb3 Ng6 31. Bg3 e5 32. Bg4 Rc7 33. Be6 Ra8 34. Rdc1 c4 35.
Nd2 Na2 36. b3 Nxc1 37. Rxc1 c3 38. Nf3 c2 39. Ne1 Bb4 40. Rxc2 Rxc2 41. Nxc2
Bxa5 42. Ne3 Bd8 43. h5 Nf8 44. Bd5 Rc8 45. Ke2 a5 46. Ng4 Nd7 47. Be6 Rc7 48.
f4 Nc5 49. Bd5 Nxb3 50. fxe5 Rc2+ 51. Ke3 Rc3+ 52. Kf4 fxe5+ 53. Nxe5 Bc7 54.
Bh4 Kg7 55. Be1 Rc1 56. Bf2 Rf1 57. h6+ Kxh6 {White resigns} 0-1

[Event "Team 45 45 League T36"]
[Site "Internet Chess Club"]
[Date "2008.02.23"]
[Round "5"]
[White "Burning-Bush"]
[Black "ThuG"]
[Result "1/2-1/2"]
[WhiteElo "2113"]
[BlackElo "2190"]
[Opening "Queen's Indian: Petrosian system"]
[ECO "E12"]
[Time "16:28:19"]
[TimeControl "2700+45"]

1. d4 Nf6 2. c4 e6 3. Nf3 b6 4. a3 Ba6 5. Nbd2 c5 6. e4 cxd4 7. Nxd4 Nc6 8. Nxc6
dxc6 9. Qa4 Bb7 10. Be2 Qc7 11. O-O Bd6 12. h3 O-O 13. Qc2 c5 14. Bf3 Nd7 15.
Re1 Rfd8 16. Nb1 Ne5 17. Be2 Nc6 18. Nc3 Nd4 19. Qb1 a6 20. b3 Bf4 21. Bf1 Qe5
22. Bxf4 Qxf4 23. Ra2 Nc6 24. Re3 Rd7 25. g3 Qf6 26. Na4 Rad8 27. Nxb6 Rd1 28.
Qb2 Nd4 29. Na4 Nf3+ 30. Kg2 Ne1+ 31. Kg1 Nf3+ 32. Kg2 {Game drawn by mutual
agreement} 1/2-1/2

[Event "Team 45 45 League T36"]
[Site "Internet Chess Club"]
[Date "2008.02.23"]
[Round "5"]
[White "Ozgur-Bjk"]
[Black "searchforbobby1"]
[Result "1/2-1/2"]
[WhiteElo "2165"]
[BlackElo "2154"]
[Opening "QGD semi-Slav"]
[ECO "D43"]
[Time "14:12:19"]
[TimeControl "2700+45"]

1. d4 d5 2. c4 e6 3. Nc3 Nf6 4. Nf3 c6 5. cxd5 exd5 6. Bg5 h6 7. Bh4 Bf5 8. e3
Nbd7 9. Bd3 Bxd3 10. Qxd3 Be7 11. O-O O-O 12. Rac1 Re8 13. a3 a5 14. Qc2 Qb6 15.
Nd2 Qd8 16. Na4 Nh5 17. Bxe7 Qxe7 18. Nc5 Nxc5 19. Qxc5 Qxc5 20. Rxc5 Nf6 {Game
drawn by mutual agreement} 1/2-1/2

[Event "Team 45 45 League T36"]
[Site "Internet Chess Club"]
[Date "2008.02.25"]
[Round "5"]
[White "keisher415"]
[Black "EUPHRATES"]
[Result "1-0"]
[WhiteElo "2006"]
[BlackElo "2037"]
[Opening "Sicilian: Najdorf, Polugayevsky variation"]
[ECO "B96"]
[Time "10:05:34"]
[TimeControl "2700+45"]

1. e4 c5 2. Nf3 d6 3. d4 cxd4 4. Nxd4 Nf6 5. Nc3 a6 6. Bg5 e6 7. f4 b5 8. Qf3
Bb7 9. O-O-O b4 10. Nd5 exd5 11. e5 dxe5 12. fxe5 h6 13. exf6 hxg5 14. Re1+ Kd7
15. fxg7 Bxg7 16. Qxf7+ Kc8 17. Qxg7 Rg8 18. Qf7 Rf8 19. Qh5 Qa5 20. Bd3 Nc6 21.
Qh6 Rf2 22. Nxc6 Qxa2 23. Re8+ Kc7 24. Re7+ {Black resigns} 1-0

[Event "Team 45 45 League T36"]
[Site "Internet Chess Club"]
[Date "2008.02.22"]
[Round "5"]
[White "Goji"]
[Black "Checkmates"]
[Result "0-1"]
[WhiteElo "2218"]
[BlackElo "2446"]
[Opening "Réti opening"]
[ECO "A05"]
[Time "15:00:13"]
[TimeControl "2700+45"]

1. Nf3 Nf6 2. b3 g6 3. Bb2 Bg7 4. e4 d6 5. Nc3 Nxe4 6. Bc4 Nxc3 7. Bxc3 Bxc3 8.
dxc3 O-O 9. h4 e6 10. h5 Qf6 11. Qd2 Nd7 12. hxg6 hxg6 13. O-O-O Re8 14. Rde1 b6
15. Bb5 Rd8 16. Bc6 Rb8 17. Re4 Ne5 18. Nxe5 dxe5 19. Qe3 Rd6 20. Bb5 Bb7 21.
Reh4 Rbd8 22. f3 Rd1+ 23. Rxd1 Rxd1+ 24. Kxd1 Qxh4 25. Qxe5 {White resigns} 0-1

[Event "Team 45 45 League T36"]
[Site "Internet Chess Club"]
[Date "2008.02.24"]
[Round "5"]
[White "jorobo"]
[Black "thunderchicken"]
[Result "1/2-1/2"]
[WhiteElo "2108"]
[BlackElo "2098"]
[Opening "QGD semi-Slav: Stoltz variation"]
[ECO "D45"]
[Time "20:04:58"]
[TimeControl "2700+45"]

1. c4 c6 2. d4 d5 3. Nc3 Nf6 4. Nf3 e6 5. e3 Nbd7 6. Qc2 Be7 7. b3 O-O 8. Be2 b6
9. O-O Bb7 10. Bb2 Qc7 11. Rfd1 Rfe8 12. Rac1 Rac8 13. Bd3 c5 14. cxd5 exd5 15.
dxc5 bxc5 16. Bf5 g6 17. Bh3 Rcd8 18. Ne2 Qb6 19. Qc3 Nb8 20. Nf4 Na6 21. Ba1
Nb4 22. Qb2 d4 23. exd4 Bxf3 24. gxf3 Qb7 25. Bg2 Qc7 26. Ne2 Qd6 27. a3 Nc6 28.
d5 Nd4 29. Nxd4 cxd4 30. Rxd4 Qxa3 31. Qxa3 Bxa3 32. Rcd1 Rxd5 33. Rxd5 Nxd5 34.
Bd4 Nf4 35. Bxa7 Re7 36. Be3 Nxg2 37. Kxg2 Rb7 38. Rb1 f5 39. Kf1 Bd6 40. h3 Kf7
41. Ke2 Ke6 42. Bd2 Bb4 43. Be3 Bd6 44. Kd3 Rb4 45. Kc2 Rh4 46. Rh1 Kf6 47. Kd3
g5 48. Rg1 h6 49. Rh1 g4 50. fxg4 fxg4 51. Bd4+ Kg5 52. Ke2 h5 53. Bb6 Rxh3 54.
Rxh3 gxh3 55. Kf3 Kf5 56. Bd8 Ke5 57. Bh4 Kd4 58. Bg3 Bc5 59. Bh4 Bd6 60. Bf6+
Kd3 61. Bh4 Kc3 62. Bg3 Bc5 63. Be5+ {Game drawn by mutual agreement} 1/2-1/2

[Event "Team 45 45 League T36"]
[Site "Internet Chess Club"]
[Date "2008.02.23"]
[Round "5"]
[White "Maurycy"]
[Black "HocusPocus"]
[Result "1-0"]
[WhiteElo "1824"]
[BlackElo "2088"]
[Opening "Trompowsky attack (Ruth, Opocenský opening)"]
[ECO "A45"]
[Time "08:02:26"]
[TimeControl "2700+45"]

1. d4 Nf6 2. Bg5 d5 3. e3 Nbd7 4. Nf3 h6 5. Bf4 Nh5 6. Ne5 Nxf4 7. exf4 Nxe5 8.
fxe5 Bf5 9. Bd3 Bxd3 10. Qxd3 e6 11. O-O Be7 12. Qb5+ Qd7 13. a4 c6 14. Qd3 O-O
15. Nd2 c5 16. dxc5 Qc7 17. b4 Qxe5 18. c3 Bf6 19. Ra3 Rfd8 20. Nf3 Qc7 21. c4
b6 22. cxb6 Qxb6 23. Qb3 dxc4 24. Qxc4 Rac8 25. Qe4 Be7 26. Rb3 Rb8 27. b5 Rd5
28. Ne5 Rd4 29. Qf3 Bf6 30. Nc6 Rxa4 31. Nxb8 Qxb8 32. Qc6 Bd4 33. b6 Qf4 34.
Rf3 Qh4 35. Qe8+ Kh7 36. b7 Be5 37. g3 Qb4 38. Rxf7 Ra2 39. Rf8 {Black resigns}
1-0

[Event "Team 45 45 League T36"]
[Site "Internet Chess Club"]
[Date "2008.02.25"]
[Round "5"]
[White "SuperPeon"]
[Black "McKnights"]
[Result "1-0"]
[WhiteElo "2050"]
[BlackElo "1699"]
[Opening "Scandinavian defense"]
[ECO "B01"]
[Time "17:35:46"]
[TimeControl "2700+45"]

1. e4 d5 2. exd5 Nf6 3. Bb5+ Bd7 4. Be2 Nxd5 5. Nf3 Nc6 6. d4 e6 7. O-O Be7 8.
c4 Nf6 9. Nc3 O-O 10. h3 a6 11. Be3 Bb4 12. Rc1 Bxc3 13. Rxc3 Ne4 14. Rc1 Ne7
15. Qb3 Nf5 16. Bf4 b6 17. Rfd1 c6 18. d5 Nc5 19. Qa3 cxd5 20. b4 Ne4 21. cxd5
exd5 22. Bc7 Qf6 23. Rxd5 Be6 24. Rdd1 b5 25. Be5 Qg5 26. Nxg5 Nxg5 27. Bg4 Rfe8
28. Qb2 Nh4 29. Bxg7 Bxg4 30. hxg4 Re6 31. Bf6 h6 32. f4 Ngf3+ 33. gxf3 Nxf3+
34. Kg2 Rae8 35. Kxf3 a5 36. Rd8 Re3+ 37. Kf2 a4 38. Rcc8 a3 39. Rxe8+ Rxe8 40.
Rxe8+ Kh7 41. Qc2# {Black checkmated} 1-0

[Event "Team 45 45 League T36"]
[Site "Internet Chess Club"]
[Date "2008.02.24"]
[Round "5"]
[White "kingcapture"]
[Black "Guinness"]
[Result "1/2-1/2"]
[WhiteElo "2229"]
[BlackElo "2269"]
[Opening "Two knights defense (Modern bishop's opening)"]
[ECO "C55"]
[Time "20:05:29"]
[TimeControl "2700+45"]

1. e4 e5 2. Nf3 Nc6 3. Bc4 Nf6 4. d3 Be7 5. O-O d6 6. h3 Na5 7. Nbd2 O-O 8. c3
Nxc4 9. Nxc4 Be6 10. Ne3 Qc8 11. Kh2 g6 12. Qc2 Nh5 13. d4 exd4 14. Nxd4 Bd7 15.
Nd5 Bd8 16. f4 a5 17. f5 c6 18. Ne3 Bc7 19. Kg1 Ng3 20. Rf3 d5 21. exd5 Re8 22.
dxc6 bxc6 23. Bd2 c5 24. Nd5 Be5 25. fxg6 hxg6 26. Nb6 Qb7 27. Nxa8 cxd4 28. Qb3
Qxb3 29. axb3 Rxa8 30. cxd4 Ne2+ 31. Kf2 Nxd4 32. Rc3 Nb5 33. Rd3 Bc6 34. Rxa5
Rxa5 35. Bxa5 Bd4+ 36. Kf1 Bxb2 37. Bb6 f5 38. g3 Kf7 39. b4 Ke6 40. Bc5 Be5 41.
g4 f4 42. h4 f3 43. Kf2 Nc7 44. h5 Nb5 45. h6 Nc3 46. Bd4 Ne4+ 47. Kxf3 Nf6+ 48.
Ke2 Bb5 49. Kd2 Bxd3 50. Kxd3 Bf4 51. Be3 Bxe3 52. Kxe3 Nxg4+ 53. Kf4 Nf6 54. b5
Nh7 55. b6 Kd6 56. b7 Kc7 57. Ke5 g5 58. Kf5 Kxb7 59. Kg6 g4 60. Kxh7 g3 61. Kg8
g2 62. h7 g1=Q+ 63. Kf8 Qf2+ 64. Kg7 Qd4+ 65. Kg8 Qd5+ 66. Kg7 Qe5+ 67. Kg8 Qe6+
68. Kg7 Qg4+ 69. Kf7 Qh4 70. Kg7 Qg3+ 71. Kf7 Qc3 72. Kg8 Qc8+ 73. Kg7 Qd7+ 74.
Kg8 Qe8+ 75. Kg7 Qe5+ 76. Kg8 Qg5+ 77. Kf7 Qh6 78. Kg8 Qg6+ 79. Kh8 Qc2 80. Kg7
Qc3+ 81. Kg8 Qb3+ 82. Kg7 Qg3+ 83. Kf7 {Game drawn by mutual agreement} 1/2-1/2

[Event "Team 45 45 League T36"]
[Site "Internet Chess Club"]
[Date "2008.02.24"]
[Round "5"]
[White "onslaught"]
[Black "LeSacAttack"]
[Result "1/2-1/2"]
[WhiteElo "2148"]
[BlackElo "2204"]
[Opening "Ruy Lopez: closed, Bogolyubov variation"]
[ECO "C91"]
[Time "13:04:22"]
[TimeControl "2700+45"]

1. e4 e5 2. Nf3 Nc6 3. Bb5 a6 4. Ba4 Nf6 5. O-O Be7 6. Re1 b5 7. Bb3 d6 8. c3
O-O 9. d4 Bg4 10. Be3 Nxe4 11. Bd5 Qd7 12. Bxe4 d5 13. Bxh7+ Kxh7 14. dxe5 Qf5
15. Nd4 Qg6 16. f3 Bh3 17. Qc2 Qxc2 18. Nxc2 Be6 19. f4 g5 20. Nd2 gxf4 21. Bxf4
Rg8 22. Nf3 Bf5 23. Ncd4 {Game drawn by mutual agreement} 1/2-1/2

[Event "Team 45 45 League T36"]
[Site "Internet Chess Club"]
[Date "2008.02.22"]
[Round "5"]
[White "izit"]
[Black "SpikeyJ"]
[Result "1/2-1/2"]
[WhiteElo "2219"]
[BlackElo "2148"]
[Opening "Pirc: bayonet (Mariotti) attack"]
[ECO "B07"]
[Time "14:07:49"]
[TimeControl "2700+45"]

1. e4 d6 2. d4 Nf6 3. Nc3 g6 4. Be2 Bg7 5. h4 c5 6. dxc5 Qa5 7. Kf1 Qxc5 8. h5
Nxh5 9. Bxh5 Bxc3 10. bxc3 gxh5 11. Qd4 e5 12. Qxc5 dxc5 13. Rxh5 Nc6 14. Bg5 f5
15. Nf3 fxe4 16. Nxe5 Nxe5 17. Bf6 O-O 18. Bxe5 Rf5 {Game drawn by mutual
agreement} 1/2-1/2

[Event "Team 45 45 League T36"]
[Site "Internet Chess Club"]
[Date "2008.02.26"]
[Round "5"]
[White "fledermaus"]
[Black "therealwizard"]
[Result "0-1"]
[WhiteElo "1978"]
[BlackElo "2124"]
[Opening "QGD Slav: Tolush-Geller gambit"]
[ECO "D15"]
[Time "16:06:16"]
[TimeControl "2700+45"]

1. d4 d5 2. c4 c6 3. Nf3 Nf6 4. Nc3 dxc4 5. e4 b5 6. e5 Nd5 7. a4 e6 8. axb5
Nxc3 9. bxc3 cxb5 10. Ng5 Bb7 11. Qh5 g6 12. Qg4 Be7 13. Be2 Bd5 14. O-O Nd7 15.
Bf3 Nb6 16. Ne4 a5 17. Bh6 Rg8 18. Qf4 g5 19. Qg4 Rg6 20. Qh5 g4 21. Nd6+ Bxd6
22. Bxd5 Nxd5 23. exd6 Nxc3 24. Bd2 Nd5 25. Qxh7 c3 26. Bc1 Qxd6 27. Qh8+ Qf8
28. Qe5 b4 29. Re1 Kd7 30. Qe2 Qb8 31. Qc4 a4 32. Re5 Qb7 33. Rxd5+ exd5 34. Qd3
Qc6 35. Bf4 b3 36. Re1 Re6 37. Rxe6 fxe6 38. Qh7+ Kc8 39. Qg8+ Kb7 40. Qg7+ Kb6
41. Qxg4 b2 {White resigns} 0-1

[Event "Team 45 45 League T36"]
[Site "Internet Chess Club"]
[Date "2008.02.22"]
[Round "5"]
[White "reb"]
[Black "f5"]
[Result "1-0"]
[WhiteElo "2277"]
[BlackElo "2285"]
[Opening "Sicilian: Pelikan (Lasker/Sveshnikov) variation"]
[ECO "B33"]
[Time "14:59:27"]
[TimeControl "2700+45"]

1. e4 c5 2. Nf3 Nc6 3. d4 cxd4 4. Nxd4 Nf6 5. Nc3 e5 6. Ndb5 d6 7. a4 a6 8. Na3
Be6 9. Bc4 Be7 10. Bg5 Qb6 11. b3 Qd4 12. Qxd4 Nxd4 13. Bxf6 gxf6 14. Nd5 Rc8
15. c3 Nc6 16. O-O Na5 17. Rad1 f5 18. exf5 Bxf5 19. f4 Nxc4 20. Nxc4 Bc2 21.
Nxe7 Kxe7 22. Rd2 Bxb3 23. Nxd6 Rxc3 24. Re1 Be6 25. Rxe5 Rc6 26. Nxb7 Rc4 27.
f5 Kf6 28. Ra5 Rc1+ 29. Kf2 Bc4 30. Nd6 Rf1+ 31. Ke3 Re1+ 32. Kf3 Rf1+ 33. Kg3
Rg8+ 34. Kh3 Rf4 35. Nxc4 Rxc4 36. Rd6+ Kg5 37. f6+ Kg6 38. Raxa6 Re8 39. Rd3
Ree4 40. Rg3+ Kh5 41. Ra5+ Kh6 42. Rg7 Rh4+ 43. Kg3 Rhg4+ 44. Rxg4 Rxg4+ 45.
Kxg4 {Black resigns} 1-0

[Event "Team 45 45 League T36"]
[Site "Internet Chess Club"]
[Date "2008.02.22"]
[Round "5"]
[White "gyoung"]
[Black "bbentrup"]
[Result "1-0"]
[WhiteElo "2254"]
[BlackElo "2156"]
[Opening "Caro-Kann: Panov-Botvinnik attack"]
[ECO "B13"]
[Time "19:00:27"]
[TimeControl "2700+45"]

1. e4 c6 2. d4 d5 3. exd5 cxd5 4. c4 Nf6 5. Nc3 Nc6 6. Nf3 Bg4 7. cxd5 Nxd5 8.
Qb3 Bxf3 9. gxf3 e6 10. Qxb7 Nxd4 11. Bb5+ Nxb5 12. Qxb5+ Qd7 13. Nxd5 exd5 14.
Qxd7+ Kxd7 15. O-O Bc5 16. Rd1 Ke6 17. Be3 Bxe3 18. fxe3 Rhc8 19. Rac1 Rab8 20.
b3 f5 21. f4 h6 22. h4 g6 23. Kf2 Kd6 24. Ke2 a5 25. Rxc8 Rxc8 26. Kd2 a4 27.
Rg1 g5 28. hxg5 hxg5 29. Rxg5 axb3 30. axb3 Rb8 31. Kc3 Re8 32. Rg6+ Kc5 33. b4+
Kb5 34. Kd4 Kxb4 35. Kxd5 Rxe3 36. Re6 Rf3 37. Ke5 Kc5 38. Kxf5 Kd5 39. Re1 Kd6
40. Kg5 Rg3+ 41. Kf6 Kd7 42. f5 Rf3 43. Kg6 Kd6 44. f6 Rf2 45. Kg7 Rg2+ 46. Kf8
Rf2 47. f7 Rg2 48. Ke8 {Black resigns} 1-0

[Event "Team 45 45 League T36"]
[Site "Internet Chess Club"]
[Date "2008.02.25"]
[Round "5"]
[White "Fidius"]
[Black "Zkid"]
[Result "0-1"]
[WhiteElo "2031"]
[BlackElo "2207"]
[Opening "Sicilian defense"]
[ECO "B33"]
[Time "23:24:38"]
[TimeControl "2700+45"]

1. e4 c5 2. Nf3 Nc6 3. d4 cxd4 4. Nxd4 Nf6 5. f3 Qb6 6. Nb3 e5 7. Nc3 a5 8. a4
Bb4 9. Bd2 O-O 10. Bc4 Nd4 11. Nd5 Nxd5 12. Bxd5 Nxb3 13. Bxb3 Qe3+ {White
resigns} 0-1

[Event "Team 45 45 League T36"]
[Site "Internet Chess Club"]
[Date "2008.02.24"]
[Round "5"]
[White "palito"]
[Black "GambitBandit"]
[Result "1/2-1/2"]
[WhiteElo "2143"]
[BlackElo "2093"]
[Opening "English opening"]
[ECO "A20"]
[Time "07:56:20"]
[TimeControl "2700+45"]

1. c4 e5 2. g3 d6 3. Bg2 Nf6 4. Nc3 c6 5. d4 Be7 6. Nf3 O-O 7. dxe5 dxe5 8. Qxd8
Rxd8 9. Nxe5 Nbd7 10. Nxd7 Bxd7 11. O-O Be6 12. b3 Bb4 13. Ne4 Nxe4 14. Bxe4 Bh3
15. Bg2 Bc3 16. Rb1 Bg4 17. f3 Bf5 18. e4 Be6 19. Bf4 a5 20. Rfd1 Bd4+ 21. Kf1
a4 22. Rd3 c5 23. Rbd1 axb3 24. axb3 Ra3 25. Bc1 Ra2 26. Be3 g6 27. Bxd4 Rxd4
28. Rxd4 cxd4 29. Rxd4 Rb2 30. f4 Rxb3 31. e5 Kf8 32. Bd5 Ke7 33. Bxe6 fxe6 34.
c5 Rb5 35. Rc4 Kd7 36. Rd4+ Ke7 37. Rc4 Kd7 38. Rd4+ Ke7 39. Rc4 Kd7 40. Rc2 Kc6
41. Ke2 Rxc5 42. Rd2 Kc7 43. Kf3 b5 44. Kg4 h6 45. h4 b4 46. h5 gxh5+ 47. Kxh5
b3 48. Kxh6 Rc2 49. Rd3 b2 50. Rb3 Rg2 51. g4 Rxg4 52. Rxb2 Rxf4 53. Re2 {Game
drawn by mutual agreement} 1/2-1/2

[Event "Team 45 45 League T36"]
[Site "Internet Chess Club"]
[Date "2008.02.22"]
[Round "5"]
[White "Gokhtra"]
[Black "pestka"]
[Result "1-0"]
[WhiteElo "2257"]
[BlackElo "2213"]
[Opening "Philidor: Improved Hanham variation"]
[ECO "C41"]
[Time "15:02:28"]
[TimeControl "2700+45"]

1. e4 e5 2. Nf3 d6 3. d4 Nf6 4. Nc3 Nbd7 5. g4 Nxg4 6. Rg1 Ngf6 7. Bc4 exd4 8.
Qxd4 Nb6 9. Bb3 Be6 10. Be3 Qd7 11. Nd5 Nfxd5 12. exd5 Bf5 13. O-O-O O-O-O 14.
a4 c5 15. dxc6 Qxc6 16. Ng5 Be7 17. Nxf7 Bf6 18. Qf4 Bg6 19. Nxh8 Rxh8 20. Rxd6
Qc7 21. a5 Nd7 22. Rd5 Qxf4 23. Bxf4 Be4 24. Rd2 Nc5 25. Bd5 Bf5 26. Re1 Na4 27.
c3 Nc5 28. Bc4 b6 29. b4 b5 30. Bxb5 Nb3+ 31. Kd1 Nxd2 32. Kxd2 Rd8+ 33. Ke2 Kb7
34. Kf1 a6 35. Ba4 Rc8 36. Bd2 Bxc3 37. Re7+ Ka8 38. Bd1 Bxd2 39. Bf3+ Kb8 40.
Rb7+ Ka8 41. Rxg7+ Kb8 42. Rb7+ Ka8 43. Rxh7+ Kb8 44. Rb7+ Ka8 45. Rf7+ Kb8 46.
Rb7+ Ka8 47. Rd7+ Kb8 48. Rxd2 Rc4 49. Rb2 Kc7 50. b5 axb5 51. Rxb5 Bd3+ 52. Kg2
Rf4 53. Rc5+ Kb8 54. Kg3 Rf6 55. h4 {Black resigns} 1-0

[Event "Team 45 45 League T36"]
[Site "Internet Chess Club"]
[Date "2008.02.23"]
[Round "5"]
[White "Chessrascal"]
[Black "Capamuerte"]
[Result "1-0"]
[WhiteElo "2095"]
[BlackElo "2215"]
[Opening "Owen defense"]
[ECO "B00"]
[Time "20:11:27"]
[TimeControl "2700+45"]

1. e4 b6 2. d4 Nf6 3. e5 Nd5 4. c4 Nb4 5. a3 N4c6 6. Nf3 d6 7. exd6 Qxd6 8. Nc3
a6 9. Be3 e6 10. Be2 h6 11. Qd2 Bb7 12. O-O-O Be7 13. d5 Na5 14. Qc2 exd5 15.
Nxd5 Bxd5 16. Rxd5 Qe6 17. Nd4 Qc8 18. Qe4 c6 19. Re5 Ra7 20. Nf5 Qc7 21. Rxe7+
Qxe7 22. Nxe7 Rxe7 23. Qg4 O-O 24. Bxb6 Nb3+ 25. Kc2 Nd7 26. Kxb3 Nxb6 27. Bd3
Rfe8 28. Kc2 Na4 29. Qf5 Re5 30. Qh7+ Kf8 31. Qh8+ Ke7 32. Qxg7 Kd8 33. Qxh6 Kd7
34. Qf6 Nb6 35. Qxf7+ Kd6 36. Rd1 R8e7 37. Qf4 c5 38. Re1 {Black resigns} 1-0

[Event "Team 45 45 League T36"]
[Site "Internet Chess Club"]
[Date "2008.02.23"]
[Round "5"]
[White "tini3blas"]
[Black "frontier"]
[Result "1-0"]
[WhiteElo "2188"]
[BlackElo "2121"]
[Opening "French: Two knights variation"]
[ECO "C00"]
[Time "06:41:37"]
[TimeControl "2700+45"]

1. e4 e6 2. Nc3 d5 3. Nf3 Nf6 4. e5 Nfd7 5. d4 c5 6. Bd3 Nc6 7. Bf4 cxd4 8. Ne2
Bc5 9. a3 a5 10. O-O f6 11. exf6 Nxf6 12. Bb5 Bd7 13. Bxc6 bxc6 14. Nexd4 O-O
15. Be5 Qe7 16. Qe2 Ne4 17. Rae1 Bd6 18. Nb3 Bxe5 19. Nxe5 Rf5 20. Nxd7 Qxd7 21.
f3 Qa7+ 22. Qe3 Qxe3+ 23. Rxe3 Raf8 24. Rfe1 Ng5 25. Nxa5 {Black resigns} 1-0

[Event "Team 45 45 League T36"]
[Site "Internet Chess Club"]
[Date "2008.02.24"]
[Round "5"]
[White "matein7"]
[Black "alegro"]
[Result "1-0"]
[WhiteElo "1967"]
[BlackElo "2119"]
[Opening "Modern defense"]
[ECO "A40"]
[Time "12:18:20"]
[TimeControl "2700+45"]

1. d4 g6 2. Nf3 Bg7 3. Bg5 c5 4. e3 Qb6 5. Nbd2 Qxb2 6. Be2 cxd4 7. exd4 Nc6 8.
Nc4 Qb4+ 9. c3 Qxc3+ 10. Bd2 Qxa1 11. Qxa1 Nf6 12. d5 Nb8 13. Bc3 O-O 14. d6
{Black resigns} 1-0

[Event "Team 45 45 League T36"]
[Site "Internet Chess Club"]
[Date "2008.02.22"]
[Round "5"]
[White "frankd"]
[Black "parrot9"]
[Result "1-0"]
[WhiteElo "1620"]
[BlackElo "1685"]
[Opening "Sicilian: closed"]
[ECO "B24"]
[Time "18:55:32"]
[TimeControl "2700+45"]

1. e4 c5 2. Nc3 Nc6 3. g3 e6 4. Bg2 Nf6 5. d3 d6 6. f4 Qb6 7. Nf3 Be7 8. O-O O-O
9. Kh1 Rd8 10. h3 a6 11. g4 d5 12. e5 Nd7 13. b3 Qc7 14. g5 b5 15. a4 b4 16. Ne2
f6 17. Bb2 fxe5 18. fxe5 Ndxe5 19. d4 Nxf3 20. Bxf3 Bxg5 21. dxc5 Ne5 22. Qd4
Bf6 23. Qf4 Bb7 24. Rab1 Rac8 25. Nd4 Nxf3 26. Qxc7 Rxc7 27. Rxf3 Re8 28. Rg1
Bxd4 29. Bxd4 e5 30. Re3 Rce7 31. Rge1 e4 32. Kh2 Rf8 33. Rg3 Rff7 34. c3 bxc3
35. Rxc3 Bc8 36. b4 Kf8 37. c6 Rf3 38. Rxf3+ exf3 39. Bc5 f2 40. Rf1 Ke8 41.
Bxe7 Kxe7 42. Rxf2 Be6 43. b5 Kd6 44. Rc2 Kc7 45. Kg3 axb5 46. axb5 Kb6 47. c7
Bc8 48. Kf4 Kxb5 49. Ke5 Bxh3 50. c8=Q Bxc8 51. Rxc8 h6 52. Kxd5 {Black resigns}
1-0

[Event "Team 45 45 League T36"]
[Site "Internet Chess Club"]
[Date "2008.02.26"]
[Round "5"]
[White "Mikey29a"]
[Black "wango"]
[Result "1-0"]
[WhiteElo "1683"]
[BlackElo "1509"]
[Opening "Alekhine's defense"]
[ECO "B02"]
[Time "21:07:04"]
[TimeControl "2700+45"]

1. e4 Nf6 2. e5 Nd5 3. c4 Nb6 4. d4 d6 5. Nf3 dxe5 6. Nxe5 g6 7. c5 Nd5 8. Bc4
Bg7 9. Nxf7 Kxf7 10. Qf3+ Ke8 11. Bxd5 Rf8 12. Qb3 Nc6 13. Bxc6+ bxc6 14. Be3
Ba6 15. Na3 Rb8 16. Qa4 Bd3 17. Qxc6+ Kf7 18. Rd1 Bf5 19. Nc4 Kg8 20. b3 Bd7 21.
Qd5+ e6 22. Qe4 Qc8 23. O-O Bb5 24. Rfe1 Bxc4 25. bxc4 Re8 26. Bf4 Rb7 27. Be5
Qd7 {Black resigns} 1-0

[Event "Team 45 45 League T36"]
[Site "Internet Chess Club"]
[Date "2008.02.24"]
[Round "5"]
[White "MrCdawg"]
[Black "Invicta-Knight"]
[Result "0-1"]
[WhiteElo "1375"]
[BlackElo "1511"]
[Opening "Trompowsky attack (Ruth, Opocenský opening)"]
[ECO "A45"]
[Time "13:37:01"]
[TimeControl "2700+45"]

1. d4 Nf6 2. Bg5 Ne4 3. Bf4 Nc6 4. f3 Nf6 5. e4 d5 6. Nc3 a6 7. Nge2 e6 8. Qd2
Bb4 9. e5 Nd7 10. g4 Nb6 11. b3 Ba3 12. h4 f6 13. Qe3 Nb4 14. Qd2 Nc6 15. Qe3
fxe5 16. Bxe5 Nxe5 17. Qxe5 O-O 18. f4 Qd6 19. Qg5 Bb2 20. Rd1 Bxc3+ 21. Nxc3
Qxf4 22. Qxf4 Rxf4 23. Rg1 Nd7 24. Ne2 Rf7 25. g5 c5 26. Bh3 Re7 27. c3 b6 28.
Kd2 Bb7 29. Rde1 Rf8 30. Rgf1 Rxf1 31. Rxf1 c4 32. b4 Nf8 33. h5 e5 34. Bg2 e4
35. Rf5 Rf7 36. Re5 g6 37. h6 Bc6 38. Ke3 Rf5 39. Rxf5 gxf5 40. Nf4 Ng6 41. Bh3
Nxf4 42. Kxf4 Bd7 43. Bxf5 Bxf5 44. Kxf5 e3 45. Kf4 e2 46. Kf3 e1=Q {White
resigns} 0-1

[Event "Team 45 45 League T36"]
[Site "Internet Chess Club"]
[Date "2008.02.22"]
[Round "5"]
[White "civilization"]
[Black "seldredg"]
[Result "1-0"]
[WhiteElo "1552"]
[BlackElo "1302"]
[Opening "Scandinavian (center counter) defense"]
[ECO "B01"]
[Time "21:04:15"]
[TimeControl "2700+45"]

1. e4 d5 2. exd5 Qxd5 3. d4 e5 4. c4 Qxd4 5. Qxd4 exd4 6. Nf3 Bg4 7. Nxd4 Nf6 8.
Be2 Bxe2 9. Nxe2 Nc6 10. O-O Rd8 11. Bf4 Bd6 12. Nbc3 Ne5 13. c5 Nd3 14. cxd6
Nxf4 15. Nxf4 Rxd6 16. Rfe1+ Kd8 17. Rad1 g5 18. Rxd6+ cxd6 19. Nfd5 Re8 20.
Rxe8+ Nxe8 21. f4 g4 22. Kf2 f5 23. Kg3 Kd7 24. Kh4 Ke6 25. Kg5 a6 26. Kh6 b5
27. Kxh7 Nf6+ 28. Nxf6 Kxf6 29. Kh6 Ke6 30. Kg5 b4 31. Nd1 d5 32. a3 bxa3 33.
bxa3 d4 34. h4 gxh3 35. gxh3 Kd5 36. h4 Ke4 37. h5 d3 38. Nf2+ {Black resigns}
1-0

[Event "Team 45 45 League T36"]
[Site "Internet Chess Club"]
[Date "2008.02.24"]
[Round "5"]
[White "Creb"]
[Black "Duguesclin"]
[Result "0-1"]
[WhiteElo "1711"]
[BlackElo "1617"]
[Opening "French: advance, Paulsen attack"]
[ECO "C02"]
[Time "11:08:51"]
[TimeControl "2700+45"]

1. e4 e6 2. d4 d5 3. e5 c5 4. c3 Nc6 5. Nf3 Qb6 6. a3 c4 7. Nbd2 Bd7 8. b3 cxb3
9. Nxb3 Na5 10. Nxa5 Qxa5 11. Bd2 Qc7 12. Bd3 Ne7 13. O-O Nf5 14. g4 Ne7 15. Qc2
Ng6 16. Bxg6 hxg6 17. Ng5 Bb5 18. Rfb1 a6 19. a4 Bc4 20. Nxe6 fxe6 21. Qxg6+ Kd7
22. Rb2 Be7 23. Rab1 b5 24. axb5 axb5 25. Qf7 Raf8 26. Qg6 Bf6 27. g5 Bxe5 28.
dxe5 Qxe5 29. f4 Qe2 30. Qxg7+ Kc6 31. Be3 Qxe3+ 32. Kh1 Qe4+ 33. Kg1 Qxf4 34.
Ra1 Ra8 35. Re1 Kd6 36. Rf2 Qg4+ 37. Rg2 Qf4 38. Rf2 Rag8 39. Qa7 Rxg5+ 40. Kh1
Rxh2+ 41. Rxh2 Qf3+ {White resigns} 0-1

[Event "Team 45 45 League T36"]
[Site "Internet Chess Club"]
[Date "2008.02.24"]
[Round "5"]
[White "clarinetref"]
[Black "GoIrish"]
[Result "1-0"]
[WhiteElo "1647"]
[BlackElo "1543"]
[Opening "English: symmetrical, main line with d3"]
[ECO "A05"]
[Time "21:06:52"]
[TimeControl "2700+45"]

1. Nf3 Nf6 2. g3 g6 3. Bg2 Bg7 4. O-O O-O 5. d3 c5 6. c4 Nc6 7. Nc3 b6 8. e4 Bb7
9. Nh4 d6 10. f4 e6 11. Nf3 Qe7 12. Rb1 Rad8 13. Qe2 Rfe8 14. e5 dxe5 15. fxe5
Ng4 16. Bg5 f6 17. exf6 Nxf6 18. Ne4 Rf8 19. Rbe1 Qd7 20. Nxf6+ Bxf6 21. Qxe6+
Qxe6 22. Rxe6 Kg7 23. Bxf6+ Rxf6 24. Rxf6 Kxf6 25. Nd4+ Kg7 26. Ne6+ Kh6 27.
Nxd8 Nxd8 28. Bxb7 Nxb7 29. Rf7 Nd6 30. Rxa7 Nf5 31. Rb7 Nd4 32. Rxb6 Nf3+ 33.
Kg2 Ne1+ 34. Kf1 Nxd3 35. a4 Ne5 36. b3 Nd7 37. Rd6 {Black resigns} 1-0